| TOP OF THE 1ST |
|
Cincinnati Reds batting - Pitching for Colorado Rockies : RHP Link Zeller
|
|
Pitching: RHP Link Zeller
|
|
|
Batting: LHB Sean Geisler
|
0-0: Ground out 6-3 (Groundball, 6D, EV 95.0 MPH)
|
|
Batting: SHB Dave Barefoot
|
0-0: Ball 1-0: Called Strike 1-1: Ball 2-1: Swinging Strike 2-2: Strikes out looking
|
|
Batting: LHB Jake Bill
|
0-0: SINGLE (Groundball, 34D, EV 98.1 MPH)
|
|
Batting: RHB Willie Cardamone
|
0-0: Ball 1-0: Ball 2-0: Ball 3-0: SINGLE (Line Drive, 6D, EV 96.2 MPH) Jake Bill to second
|
|
Batting: SHB Saulo Maina
|
0-0: Ground out 1-3 (Groundball, P, EV 68.1 MPH)
|
| Top of the 1st over - 0 runs, 2 hits, 0 errors, 2 left on base; Cincinnati 0 - Colorado 0 |
| BOTTOM OF THE 1ST |
|
Colorado Rockies batting - Pitching for Cincinnati Reds : LHP Eddie Grape
|
|
Pitching: LHP Eddie Grape
|
|
|
Batting: RHB Joel Haycock
|
0-0: Ball 1-0: SINGLE (Line Drive, 78S, EV 93.8 MPH)
|
|
Batting: RHB Roberto Rodriguez
|
0-0: Foul Ball, location: 2F 0-1: Ball 1-1: Ball 2-1: Called Strike 2-2: Ball 3-2: Foul Ball, location: 2F 3-2: Base on Balls Joel Haycock to second
|
|
Batting: SHB Chris Blue
|
0-0: Ball 1-0: Ball 2-0: Ball 3-0: Base on Balls Joel Haycock to third Roberto Rodriguez to second
|
|
Batting: RHB Jason Andrews
|
0-0: Called Strike 0-1: Ball 1-1: Ball 2-1: Swinging Strike 2-2: Strikes out swinging
|
|
Batting: RHB Chad Thompson
|
0-0: Ball 1-0: Foul Ball, location: 2F 1-1: Foul Ball, location: 2F 1-2: Fielders Choice at 2nd, 6-4 (Groundball, 56D, EV 78.1 MPH) Joel Haycock scores Roberto Rodriguez to third
|
|
Batting: RHB Leo Mair
|
0-0: Foul Ball, location: 2F 0-1: Ball 1-1: Called Strike 1-2: Ball 2-2: Foul Ball, location: 2F 2-2: Fly out, F8 (Flyball, 8RM, EV 95.6 MPH)
|
| Bottom of the 1st over - 1 run, 1 hit, 0 errors, 2 left on base; Cincinnati 0 - Colorado 1 |
| TOP OF THE 2ND |
|
Cincinnati Reds batting - Pitching for Colorado Rockies : RHP Link Zeller
|
|
Batting: LHB Jesus Lozano
|
0-0: Called Strike 0-1: Ball 1-1: Foul Ball, location: 2F 1-2: Strikes out swinging
|
|
Batting: LHB Shawn Morrison
|
0-0: Called Strike 0-1: Ball 1-1: Ball 2-1: Ground out 4-3 (Groundball, 4, EV 86.2 MPH)
|
|
Batting: RHB Fred Slade
|
0-0: Ball 1-0: Called Strike 1-1: Foul Ball, location: 2F 1-2: SINGLE (Groundball, P, EV 83.1 MPH) (infield hit)
|
|
Batting: LHB Andy Arbuckle
|
0-0: Swinging Strike 0-1: Swinging Strike 0-2: Foul Ball, location: 2F 0-2: Ball 1-2: Ball 2-2: Ball 3-2: Reached on error, E1 (Groundball, 15S, EV 67.5 MPH) Fred Slade to second
|
|
Batting: LHB Sean Geisler
|
0-0: Ball 1-0: Ball 2-0: Called Strike 2-1: Swinging Strike 2-2: Ball 3-2: Ground out 4-3 (Groundball, 4, EV 91.2 MPH)
|
| Top of the 2nd over - 0 runs, 1 hit, 1 error, 2 left on base; Cincinnati 0 - Colorado 1 |
| BOTTOM OF THE 2ND |
|
Colorado Rockies batting - Pitching for Cincinnati Reds : LHP Eddie Grape
|
|
Batting: RHB Stephen Charbonneau
|
0-0: Called Strike 0-1: Ball 1-1: Called Strike 1-2: SINGLE (Line Drive, 56, EV 101.2 MPH)
|
|
Batting: LHB Chris Locklear
|
0-0: Ball 1-0: Ball 2-0: Foul Ball, location: 2F 2-1: Foul Ball, location: 2F 2-2: Grounds into double play, 4-6-3 (Groundball, 34, EV 81.9 MPH)
|
|
Batting: LHB Robert Watson
|
0-0: Called Strike 0-1: Ball 1-1: Swinging Strike 1-2: Strikes out swinging
|
| Bottom of the 2nd over - 0 runs, 1 hit, 0 errors, 0 left on base; Cincinnati 0 - Colorado 1 |
| TOP OF THE 3RD |
|
Cincinnati Reds batting - Pitching for Colorado Rockies : RHP Link Zeller
|
|
Batting: SHB Dave Barefoot
|
0-0: Ball 1-0: Called Strike 1-1: Called Strike 1-2: Ball 2-2: Foul Ball, location: 2F 2-2: Ball 3-2: Fly out, F9 (Flyball, 9D, EV 90.6 MPH)
|
|
Batting: LHB Jake Bill
|
0-0: Fly out, F9 (Flyball, 9, EV 96.9 MPH)
|
|
Batting: RHB Willie Cardamone
|
0-0: Ball 1-0: Ball 2-0: Ball 3-0: Swinging Strike 3-1: Called Strike 3-2: Ground out 5-3 (Groundball, 56S, EV 84.4 MPH)
|
| Top of the 3rd over - 0 runs, 0 hits, 0 errors, 0 left on base; Cincinnati 0 - Colorado 1 |
| BOTTOM OF THE 3RD |
|
Colorado Rockies batting - Pitching for Cincinnati Reds : LHP Eddie Grape
|
|
Batting: RHB Joel Haycock
|
0-0: Called Strike 0-1: Ball 1-1: Called Strike 1-2: Ball 2-2: Ground out 3-1 (Groundball, 34S, EV 82.5 MPH)
|
|
Batting: RHB Roberto Rodriguez
|
0-0: Called Strike 0-1: Fly out, F8 (Flyball, 8LM, EV 92.5 MPH)
|
|
Batting: SHB Chris Blue
|
0-0: Ground out 6-3 (Groundball, 56, EV 83.8 MPH)
|
| Bottom of the 3rd over - 0 runs, 0 hits, 0 errors, 0 left on base; Cincinnati 0 - Colorado 1 |
| TOP OF THE 4TH |
|
Cincinnati Reds batting - Pitching for Colorado Rockies : RHP Link Zeller
|
|
Batting: SHB Saulo Maina
|
0-0: Foul Ball, location: 2F 0-1: Ball 1-1: Fly out, F6 (Popup, 4M, EV 57.5 MPH)
|
|
Batting: LHB Jesus Lozano
|
0-0: Ball 1-0: Ball 2-0: Foul Ball, location: 2F 2-1: Fly out, F6 (Popup, 6, EV 78.8 MPH)
|
|
Batting: LHB Shawn Morrison
|
0-0: Ball 1-0: Ground out 5-3 (Groundball, 56, EV 90.0 MPH)
|
| Top of the 4th over - 0 runs, 0 hits, 0 errors, 0 left on base; Cincinnati 0 - Colorado 1 |
| BOTTOM OF THE 4TH |
|
Colorado Rockies batting - Pitching for Cincinnati Reds : LHP Eddie Grape
|
|
Batting: RHB Jason Andrews
|
0-0: Foul Ball, location: 2F 0-1: SINGLE (Groundball, 6MD, EV 104.4 MPH)
|
|
Batting: RHB Chad Thompson
|
0-0: Ball 1-0: Foul Ball, location: 2F 1-1: Ball 2-1: Ball 3-1: Foul Ball, location: 2F 3-2: Base on Balls Jason Andrews to second
|
|
Batting: RHB Leo Mair
|
0-0: Called Strike 0-1: Ball 1-1: Swinging Strike 1-2: Foul Ball, location: 2F 1-2: Ball 2-2: Foul Ball, location: 2F 2-2: Strikes out looking
|
|
Batting: RHB Stephen Charbonneau
|
0-0: Swinging Strike 0-1: Ball 1-1: Foul Ball, location: 2F 1-2: Ball 2-2: Strikes out looking
|
|
Batting: LHB Chris Locklear
|
0-0: Called Strike 0-1: Foul Ball, location: 2F 0-2: Ball 1-2: Foul Ball, location: 2F 1-2: Ball 2-2: Ball 3-2: Foul Ball, location: 2F 3-2: 3-RUN HOME RUN (Flyball, 89XD, EV 103.8 MPH), Distance : 391 ft
|
|
Batting: LHB Robert Watson
|
0-0: Ground out 6-3 (Groundball, 6, EV 93.8 MPH)
|
| Bottom of the 4th over - 3 runs, 2 hits, 0 errors, 0 left on base; Cincinnati 0 - Colorado 4 |
| TOP OF THE 5TH |
|
Cincinnati Reds batting - Pitching for Colorado Rockies : RHP Link Zeller
|
|
Batting: RHB Fred Slade
|
0-0: Called Strike 0-1: Called Strike 0-2: Foul Ball, location: 2F 0-2: Foul Ball, location: 2F 0-2: Foul Ball, location: 2F 0-2: Strikes out swinging
|
|
Batting: LHB Andy Arbuckle
|
0-0: Foul Ball, location: 2F 0-1: Ball 1-1: Ball 2-1: Ground out 6-3 (Groundball, 6, EV 90.6 MPH)
|
|
Batting: LHB Sean Geisler
|
0-0: Ground out U3 (Groundball, 34, EV 86.2 MPH)
|
| Top of the 5th over - 0 runs, 0 hits, 0 errors, 0 left on base; Cincinnati 0 - Colorado 4 |
| BOTTOM OF THE 5TH |
|
Colorado Rockies batting - Pitching for Cincinnati Reds : LHP Eddie Grape
|
|
Batting: RHB Joel Haycock
|
0-0: Ball 1-0: Ball 2-0: SINGLE (Line Drive, 56D, EV 111.2 MPH)
|
|
Batting: RHB Roberto Rodriguez
|
0-0: Ball 1-0: Foul Ball, location: 2F 1-1: Ball 2-1: Fielders Choice at 2nd, 6-4 (Groundball, 6S, EV 91.2 MPH)
|
|
Batting: SHB Chris Blue
|
0-0: Ball Roberto Rodriguez steals 2nd base 1-0: Swinging Strike 1-1: Foul Ball, location: 2F 1-2: Strikes out swinging
|
|
Batting: RHB Jason Andrews
|
0-0: Swinging Strike 0-1: Called Strike 0-2: Ball 1-2: Ball 2-2: Foul Ball, location: 2F 2-2: Ball 3-2: TRIPLE (Flyball, 9D, EV 95.6 MPH) Roberto Rodriguez scores
|
|
Pitching: LHP Justin Sullins
|
|
|
Batting: RHB Chad Thompson
|
0-0: Foul Ball, location: 2F 0-1: Called Strike 0-2: DOUBLE (Line Drive, 7LD, EV 105.6 MPH) Jason Andrews scores
|
|
Batting: RHB Leo Mair
|
0-0: Ball 1-0: Fly out, F9 (Line Drive, 9, EV 85.6 MPH)
|
| Bottom of the 5th over - 2 runs, 3 hits, 0 errors, 1 left on base; Cincinnati 0 - Colorado 6 |
| TOP OF THE 6TH |
|
Cincinnati Reds batting - Pitching for Colorado Rockies : RHP Link Zeller
|
|
Batting: SHB Dave Barefoot
|
0-0: Ball 1-0: Fly out, F7 (Flyball, 7LS, EV 90.0 MPH)
|
|
Pitching: RHP Mike Mik
|
|
|
Batting: LHB Jake Bill
|
0-0: Ball 1-0: Foul Ball, location: 2F 1-1: Foul Ball, location: 2F 1-2: Ball 2-2: Foul Ball, location: 2F 2-2: SOLO HOME RUN (Line Drive, 89XD, EV 101.2 MPH), Distance : 390 ft
|
|
Batting: RHB Willie Cardamone
|
0-0: Foul Ball, location: 2F 0-1: Foul Ball, location: 2F 0-2: Foul Ball, location: 2F 0-2: Ball 1-2: Foul Ball, location: 2F 1-2: Ball 2-2: Ground out U3 (Groundball, 34S, EV 78.8 MPH)
|
|
Batting: SHB Saulo Maina
|
0-0: Called Strike 0-1: Ball 1-1: Foul Ball, location: 2F 1-2: Foul Ball, location: 2F 1-2: Foul Ball, location: 2F 1-2: Foul Ball, location: 2F 1-2: Foul Ball, location: 2F 1-2: TRIPLE (Flyball, 89XD, EV 91.2 MPH)
|
|
Pitching: RHP Oscar Munoz
|
|
|
Batting: LHB Jesus Lozano
|
0-0: Foul Ball, location: 2F 0-1: Ball 1-1: Called Strike 1-2: Strikes out looking
|
| Top of the 6th over - 1 run, 2 hits, 0 errors, 1 left on base; Cincinnati 1 - Colorado 6 |
| BOTTOM OF THE 6TH |
|
Colorado Rockies batting - Pitching for Cincinnati Reds : LHP Justin Sullins
|
|
Batting: RHB Stephen Charbonneau
|
0-0: Called Strike 0-1: Ball 1-1: Ball 2-1: DOUBLE (Line Drive, 7LM, EV 109.4 MPH)
|
|
Batting: LHB Chris Locklear
|
0-0: Ball 1-0: DOUBLE (Flyball, 78D, EV 108.8 MPH) Stephen Charbonneau scores
|
|
Batting: LHB Robert Watson
|
0-0: Ball 1-0: Ball 2-0: Foul Ball, location: 2F 2-1: Foul Ball, location: 2F 2-2: Strikes out swinging
|
|
Batting: RHB Joel Haycock
|
0-0: Ground out 6-3 (Groundball, 6, EV 90.6 MPH) Chris Locklear to third
|
|
Batting: RHB Roberto Rodriguez
|
0-0: Called Strike 0-1: Called Strike 0-2: Ball 1-2: Foul Ball, location: 2F 1-2: Foul Ball, location: 2F 1-2: Ball 2-2: Strikes out swinging
|
| Bottom of the 6th over - 1 run, 2 hits, 0 errors, 1 left on base; Cincinnati 1 - Colorado 7 |
| TOP OF THE 7TH |
|
Cincinnati Reds batting - Pitching for Colorado Rockies : RHP Oscar Munoz
|
|
Batting: LHB Shawn Morrison
|
0-0: Foul Ball, location: 2F 0-1: Ball 1-1: Swinging Strike 1-2: Ball 2-2: Foul Ball, location: 2F 2-2: Fly out, F4 (Flyball, 34D, EV 90.0 MPH)
|
|
Batting: RHB Fred Slade
|
0-0: Ball 1-0: Ball 2-0: DOUBLE (Line Drive, 7LS, EV 103.8 MPH)
|
|
Batting: LHB Andy Arbuckle
|
0-0: Ball 1-0: Foul Ball, location: 2F 1-1: Ground out 4-3 (Groundball, 4, EV 79.4 MPH) Fred Slade to third
|
|
Batting: LHB Sean Geisler
|
0-0: Called Strike 0-1: Ball 1-1: Foul Ball, location: 2F 1-2: Ball 2-2: SINGLE (Line Drive, 8RS, EV 100.0 MPH) Fred Slade scores
|
|
Pitching: RHP Jaden Mackey
|
|
|
Batting: SHB Dave Barefoot
|
0-0: Ball 1-0: Ground out 4-3 (Groundball, 34, EV 84.4 MPH)
|
| Top of the 7th over - 1 run, 2 hits, 0 errors, 1 left on base; Cincinnati 2 - Colorado 7 |
| BOTTOM OF THE 7TH |
|
Colorado Rockies batting - Pitching for Cincinnati Reds : LHP Justin Sullins
|
|
Batting: SHB Chris Blue
|
0-0: Foul Ball, location: 2F 0-1: Ball 1-1: DOUBLE (Line Drive, 7LS, EV 92.5 MPH)
|
|
Batting: RHB Jason Andrews
|
0-0: Ball 1-0: Foul Ball, location: 2F 1-1: Called Strike 1-2: Strikes out swinging
|
|
Batting: RHB Chad Thompson
|
0-0: Ball 1-0: Called Strike Chris Blue steals 3rd base 1-1: Swinging Strike 1-2: Ball 2-2: Strikes out looking
|
|
Batting: RHB Leo Mair
|
0-0: Swinging Strike 0-1: Ball 1-1: Called Strike 1-2: Ball 2-2: Ball 3-2: Foul Ball, location: 2F 3-2: Fly out, F9 (Flyball, 9S, EV 90.6 MPH)
|
| Bottom of the 7th over - 0 runs, 1 hit, 0 errors, 1 left on base; Cincinnati 2 - Colorado 7 |
| TOP OF THE 8TH |
|
Cincinnati Reds batting - Pitching for Colorado Rockies : RHP Jaden Mackey
|
|
Batting: LHB Jake Bill
|
0-0: Swinging Strike 0-1: Ground out 1-3 (Groundball, 34S, EV 75.0 MPH)
|
|
Batting: RHB Willie Cardamone
|
0-0: Fly out, F7 (Flyball, 7, EV 87.5 MPH)
|
|
Batting: SHB Saulo Maina
|
0-0: Ball 1-0: Ball 2-0: Ball 3-0: Ground out 4-3 (Groundball, 34, EV 98.8 MPH)
|
| Top of the 8th over - 0 runs, 0 hits, 0 errors, 0 left on base; Cincinnati 2 - Colorado 7 |
| BOTTOM OF THE 8TH |
|
Colorado Rockies batting - Pitching for Cincinnati Reds : LHP Justin Sullins
|
|
Batting: RHB Stephen Charbonneau
|
0-0: Ball 1-0: Foul Ball, location: 2F 1-1: Called Strike 1-2: Strikes out swinging
|
|
Batting: LHB Chris Locklear
|
0-0: Swinging Strike 0-1: Foul Ball, location: 2F 0-2: Ball 1-2: Strikes out swinging
|
|
Batting: LHB Robert Watson
|
0-0: Ball 1-0: SINGLE (Line Drive, 8RM, EV 92.5 MPH)
|
|
Batting: RHB Joel Haycock
|
0-0: Ball 1-0: Called Strike 1-1: Swinging Strike 1-2: Strikes out looking
|
| Bottom of the 8th over - 0 runs, 1 hit, 0 errors, 1 left on base; Cincinnati 2 - Colorado 7 |
| TOP OF THE 9TH |
|
Cincinnati Reds batting - Pitching for Colorado Rockies : RHP Jaden Mackey
|
|
Batting: LHB Jesus Lozano
|
0-0: Ball 1-0: Ball 2-0: Ball 3-0: Base on Balls
|
|
Batting: LHB Shawn Morrison
|
0-0: Called Strike 0-1: Called Strike 0-2: Strikes out swinging
|
|
Batting: RHB Fred Slade
|
0-0: Ball 1-0: Swinging Strike 1-1: Ball 2-1: Fly out, F9 (Flyball, 9LD, EV 85.6 MPH)
|
|
Batting: LHB Andy Arbuckle
|
0-0: Called Strike 0-1: Ball 1-1: Foul Ball, location: 2F 1-2: Ball 2-2: Strikes out swinging, 2-3 out at first.
|
| Top of the 9th over - 0 runs, 0 hits, 0 errors, 1 left on base; Cincinnati 2 - Colorado 7 |
|